Map: NeoHumanity LE

Players

lIIIllIIlIlI - Winner!

  • Race: Zerg Zerg
  • League: Diamond
  • Spawn Location: 5:00

Vorsichtig

  • Race: Terran Terran
  • League: Diamond
  • Spawn Location: 11:00

VOD

Have the link to the VOD?

Description

Time

  • Played on: March 20, 2023, 5:36 p.m.
  • Length: 21:12
Show
View Real Time Build Order
Export as new Build Order

lIIIllIIlIlI Zerg - Winner!

Build Orders: Pool First 

Get SALT Encoding   

  12  0:00  Drone  
  13  0:22  Spawning Pool  
  12  0:32  Drone  
  13  0:51  Hatchery  
  12  0:59  Overlord  
  12  1:14  Zergling x2  
  12  1:15  Zergling x2  
  12  1:17  Zergling x2  
  15  1:28  Drone, Queen  
  18  1:48  Drone  
  18  1:49  Drone  
  20  1:55  Extractor  
  20  1:59  Drone  
  20  2:07  Queen  
  20  2:08  Queen  
  24  2:10  Drone  
  24  2:15  Drone  
  26  2:39  Drone, Overlord  
  27  2:53  Drone  
  27  3:04  Hatchery  
  26  3:09  Drone x3  
  26  3:10  Drone x2  
  29  3:28  Overlord  
  29  3:31  Drone, Metabolic Boost  
  29  3:33  Drone x2  
  32  3:40  Overlord  
  32  3:41  Drone  
  33  3:43  Drone  
  34  3:51  Drone x3  
  37  4:01  Overlord  
  37  4:02  Drone x2  
  39  4:03  Drone  
  39  4:04  Drone  
  39  4:06  Drone  
  42  4:15  Zergling x6  
  45  4:22  Queen  
  47  4:25  Lair  
  47  4:35  Extractor  
  47  4:36  Drone x3, Extractor  
  47  4:37  Drone, Extractor  
  48  4:38  Drone x3  
  48  4:43  Drone x3  
  54  4:52  Overlord  
  54  5:04  Zergling x8  
  57  5:18  Overlord x3  
  57  5:28  Spire  
  56  5:34  Overlord  
  56  5:37  Spore Crawler  
  56  5:38  Spore Crawler  
  56  5:39  Overlord, Spore Crawler  
  53  5:43  Overlord  
  53  5:44  Baneling Nest  
  53  5:45  Drone  
  53  5:47  Drone x4  
  53  5:49  Drone  
  58  5:51  Drone  
  59  6:11  Overlord  
  59  6:14  Overlord, Zergling x2  
  59  6:15  Zergling x10  
  65  6:20  Drone x2  
  67  6:39  Mutalisk x8  
  81  6:44  Mutalisk  
  85  6:49  Zergling x2  
  85  6:51  Zergling x8  
  90  6:56  Baneling x5  
  90  7:00  Overlord  
  90  7:01  Zergling x14  
  94  7:07  Baneling  
  94  7:08  Baneling x4  
  96  7:12  Drone x3  
  99  7:27  Zergling x2  
  99  7:28  Zergling x20  
  110  7:30  Overseer  
  97  8:14  Mutalisk x2  
  97  8:15  Mutalisk x4  
  109  8:37  Centrifugal Hooks, Zerg Flyer Weapons Level 1  
  109  8:40  Drone x5  
  109  8:41  Drone x8  
  122  8:42  Evolution Chamber  
  122  8:43  Baneling x5, Evolution Chamber  
  120  8:57  Hatchery  
  120  8:58  Overlord  
  120  8:59  Zergling x6  
  122  9:08  Extractor x2  
  119  9:11  Queen x2  
  119  9:14  Hatchery  
  122  9:19  Overseer  
  122  9:20  Overseer  
  122  9:22  Pneumatized Carapace  
  122  9:24  Mutalisk  
  122  9:25  Mutalisk  
  122  9:27  Baneling x2  
  122  9:28  Baneling x2  
  126  9:35  Drone x4  
  126  9:36  Drone x8  
  126  9:37  Overlord x4  
  138  10:05  Zerg Ground Armor Level 1, Zerg Melee Weapons Level 1  
  138  10:08  Mutalisk x3  
  138  10:12  Zergling x2  
  138  10:13  Zergling x26  
  158  10:21  Drone x4  
  159  10:24  Drone  
  159  10:26  Extractor  
  159  10:27  Extractor  
  161  10:43  Overlord  
  161  10:49  Infestation Pit  
  160  11:00  Zerg Flyer Weapons Level 2  
  160  11:09  Drone  
  160  11:10  Drone x5  
  166  11:11  Hatchery  
  166  11:15  Drone x2  
  166  11:16  Drone x8  
  166  11:17  Drone x6  
  181  11:25  Hive, Zergling x2  
  182  11:26  Zergling x16  
  182  11:30  Baneling x6  
  182  11:31  Baneling x3  
  190  11:49  Hatchery  
  190  11:52  Hatchery  
  188  12:00  Overlord  
  188  12:09  Zerg Ground Armor Level 2, Zerg Melee Weapons Level 2  
  188  12:10  Overlord  
  188  12:11  Overlord x3  
  188  12:12  Overseer  
  188  12:13  Overseer  
  188  12:14  Overseer  
  187  12:27  Drone x2  
  187  12:29  Extractor  
  188  12:31  Extractor  
  188  12:32  Spire  
  186  12:37  Ultralisk Cavern  
  186  12:38  Adrenal Glands  
  186  12:39  Viper  
  186  12:40  Viper x2  
  186  12:42  Overlord  
  186  12:43  Zergling x2  
  186  12:44  Zergling x8  
  199  12:46  Baneling x13  
  199  12:47  Baneling x15  
  156  13:14  Zergling x2  
  156  13:15  Zergling x36  
  156  13:16  Zergling x18  
  156  13:18  Zergling x4  
  156  13:19  Zergling x16  
  188  13:20  Zergling x4  
  181  13:34  Zergling x8  
  181  13:35  Zergling x8  
  121  14:06  Mutalisk x7  
  121  14:13  Ultralisk x4  
  121  14:14  Ultralisk x2  
  121  14:15  Zergling x2  
  121  14:16  Zergling x2  
  153  14:17  Zergling x2  
  153  14:18  Zergling x6  
  157  14:24  Chitinous Plating  
  157  14:25  Zergling x2  
  157  14:26  Zergling x6  
  157  14:29  Zergling x10  
  166  14:34  Baneling  
  166  14:35  Baneling x3  
  166  14:36  Baneling  
  166  14:37  Baneling x7  
  166  14:46  Baneling x4  
  166  14:50  Zergling x28  
  166  14:51  Zergling x8  
  132  15:27  Ultralisk x4  
  156  15:34  Zergling x2  
  156  15:35  Zergling x42  
  178  15:41  Baneling  
  178  15:42  Baneling x20  
  166  15:53  Zergling x4  
  166  15:54  Zergling x20  
  178  15:58  Queen x2  
  178  15:59  Queen  
  178  16:00  Queen x2  
  178  16:03  Drone x4  
  178  16:04  Drone x7  
  196  16:10  Overseer x2  
  199  16:12  Overseer  
  199  16:13  Overseer x2  
  172  17:00  Zergling x2  
  172  17:01  Zergling x52  
  160  17:02  Zergling x2  
  154  17:20  Anabolic Synthesis  
  154  17:21  Zergling x2  
  154  17:22  Zergling x4  
  156  17:23  Ultralisk  
  156  17:24  Ultralisk x4  
  156  17:26  Baneling x6  
  156  17:27  Baneling x17  
  156  17:28  Zergling x4  
  156  17:29  Zergling x2  
  189  17:31  Drone x3  
  189  17:32  Drone  
  193  17:44  Extractor  
  193  17:46  Extractor  
  191  17:51  Overseer  
  191  17:52  Overseer  
  191  17:55  Overseer  
  191  18:00  Viper x2  
  197  18:11  Evolution Chamber  
  197  18:12  Evolution Chamber  
  194  18:15  Hatchery  
  192  18:38  Viper x2  
  139  19:17  Zergling x16  
  139  19:18  Zergling x60  
  170  19:38  Baneling x8  
  170  19:39  Baneling x2  
  170  19:41  Ultralisk x3  
  170  19:45  Zergling x22  
  194  19:46  Zergling x2  
  194  19:48  Extractor  
  199  19:55  Baneling  
  199  19:56  Baneling x12  
  199  20:02  Spine Crawler  
  156  20:29  Zergling x2  
  156  20:30  Zergling x34  
  170  20:57  Baneling  
  170  20:58  Baneling x2  
Show
View Real Time Build Order
Export as new Build Order

Vorsichtig Terran 

Build Orders: Reaper Expand 

Get SALT Encoding   

  12  0:00  SCV  
  13  0:12  SCV  
  14  0:17  Supply Depot  
  14  0:24  SCV  
  15  0:39  SCV  
  15  0:40  Barracks  
  16  0:44  Refinery  
  16  0:51  SCV  
  17  1:03  SCV  
  18  1:15  SCV  
  19  1:28  Orbital Command, Reaper  
  20  1:40  Command Center  
  20  1:49  Supply Depot  
  20  1:53  Refinery  
  20  1:57  SCV  
  21  2:03  Marine  
  22  2:10  SCV  
  22  2:15  Factory  
  23  2:22  Barracks Reactor  
  23  2:23  SCV  
  24  2:35  SCV  
  23  2:47  SCV  
  23  2:49  Barracks Tech Lab  
  23  3:07  SCV  
  24  3:14  Stimpack  
  24  3:15  Hellion  
  24  3:16  Starport, Marine  
  26  3:22  Bunker  
  26  3:27  SCV  
  27  3:38  Orbital Command  
  27  3:44  Marine  
  27  3:47  SCV  
  29  3:51  Hellion  
  31  3:59  SCV  
  31  4:01  Viking  
  34  4:05  SCV  
  35  4:18  SCV x2  
  37  4:26  Supply Depot  
  37  4:27  Hellion  
  37  4:29  Marine  
  37  4:30  SCV x2  
  42  4:34  Starport Reactor  
  42  4:42  SCV x2  
  44  4:48  Supply Depot  
  44  4:53  Combat Shield  
  44  4:54  SCV  
  44  4:55  SCV  
  44  4:56  Barracks x2  
  44  4:59  Factory Tech Lab  
  46  5:14  Command Center  
  46  5:20  Supply Depot  
  46  5:22  Siege Tank  
  46  5:24  SCV  
  46  5:25  SCV  
  46  5:26  Starport Reactor  
  51  5:38  Engineering Bay, SCV  
  51  5:39  Engineering Bay, SCV  
  53  5:46  Refinery x2  
  53  5:50  Barracks Reactor  
  53  6:01  Siege Tank  
  53  6:02  Medivac x2  
  60  6:05  SCV x2  
  62  6:12  Marine x2  
  62  6:13  Marine  
  65  6:20  Terran Infantry Armor Level 1  
  65  6:28  Terran Infantry Weapons Level 1  
  65  6:29  Marine x2  
  65  6:30  Marine x2  
  65  6:31  SCV x2, Marine  
  72  6:35  Orbital Command  
  75  6:43  SCV x2  
  77  6:52  Marine x3  
  77  6:53  Marine x2  
  82  6:55  SCV x2  
  82  6:57  Barracks  
  82  6:58  Barracks  
  82  7:00  Orbital Command  
  82  7:01  Factory  
  81  7:13  Armory  
  81  7:14  Supply Depot  
  80  7:23  Missile Turret  
  80  7:25  Missile Turret  
  80  7:28  SCV x3  
  83  7:32  Marine x2  
  83  7:35  Marine x3  
  88  7:40  SCV x3  
  91  7:46  Barracks Reactor x2  
  91  7:50  Marine x2, Medivac  
  93  7:57  Barracks Reactor x2, Marine x2  
  93  7:58  SCV x2, Medivac  
  90  7:59  Drilling Claws, Factory Reactor  
  75  8:09  Marine x2, Orbital Command  
  75  8:10  SCV x2  
  71  8:15  Marauder  
  73  8:22  Thor  
  73  8:23  Marine x2  
  81  8:36  Marauder  
  83  8:43  Marine x4  
  83  8:44  Factory Reactor  
  83  8:45  Marine x2  
  83  8:48  Refinery  
  89  8:50  Marine  
  89  8:51  Marine  
  89  8:52  Missile Turret  
  89  8:53  Medivac  
  93  9:11  Missile Turret  
  93  9:24  Terran Infantry Weapons Level 2, Supply Depot  
  93  9:26  Supply Depot  
  93  9:45  SCV x2, Marine x2, Marauder, Medivac  
  101  9:47  Marine  
  101  9:48  Orbital Command  
  100  9:57  SCV x2  
  95  10:07  Marauder, Missile Turret  
  95  10:09  SCV x2  
  97  10:14  SCV  
  98  10:21  SCV x2  
  98  10:26  SCV  
  103  10:28  Marauder  
  103  10:34  SCV x2  
  105  10:36  Terran Infantry Armor Level 2  
  105  10:37  Terran Vehicle Weapons Level 1  
  105  10:38  SCV  
  106  10:43  Supply Depot  
  106  10:44  Widow Mine, Supply Depot x2  
  106  10:46  SCV  
  109  11:04  Marine x6  
  109  11:05  SCV, Marine x2, Widow Mine x2, Medivac x2  
  109  11:06  SCV x2, Widow Mine, Marauder  
  109  11:07  Supply Depot  
  109  11:09  Supply Depot  
  132  11:12  Command Center  
  132  11:13  Supply Depot  
  132  11:17  SCV  
  133  11:23  Barracks  
  133  11:25  Barracks  
  133  11:28  SCV x2, Marine, Barracks  
  133  11:29  SCV, Widow Mine, Marauder  
  133  11:31  Widow Mine  
  143  11:34  Refinery  
  143  11:35  Refinery  
  143  11:36  Missile Turret  
  143  11:40  SCV x2  
  143  11:41  SCV  
  143  11:42  Supply Depot  
  143  11:43  Marine  
  143  11:44  Marine x2, Supply Depot  
  149  11:50  Marauder  
  149  11:52  SCV  
  149  11:53  Missile Turret  
  152  11:54  Missile Turret  
  152  11:55  Missile Turret  
  152  11:56  Missile Turret  
  152  11:58  Missile Turret  
  152  12:04  Terran Infantry Weapons Level 3  
  152  12:11  Barracks Tech Lab, Marauder  
  152  12:13  Barracks Tech Lab  
  152  12:14  Barracks Reactor  
  154  12:25  Marine x6  
  154  12:26  Marine x2  
  162  12:33  Marauder  
  164  12:42  Thor  
  164  12:43  Widow Mine x2, Marine x3  
  177  12:54  Marauder  
  179  13:00  Marine x2, Marauder x2  
  171  13:08  Marine x5  
  171  13:09  Widow Mine x2  
  160  13:15  Marine x2, Marauder  
  160  13:16  Marine  
  160  13:18  Marine x2  
  151  13:22  Marauder x2  
  155  13:29  Marine  
  155  13:30  Marine x4  
  155  13:33  Marine x3  
  163  13:35  Marine  
  163  13:36  Marine  
  163  13:37  Marauder  
  167  13:43  Marauder x2  
  167  13:47  Marine x2  
  167  13:48  Marine  
  161  13:52  Marine x2  
  161  13:53  Marine  
  159  13:58  Terran Infantry Armor Level 3, Marauder  
  159  14:00  Marine x2  
  159  14:01  Medivac x2  
  149  14:03  Widow Mine x2  
  149  14:04  Marauder x2  
  149  14:09  Planetary Fortress  
  151  14:14  Marine  
  150  14:20  Marauder  
  152  14:26  Marauder x2  
  152  14:29  Marine x5  
  152  14:31  Medivac x2  
  165  14:40  Marine x4  
  165  14:41  Marauder  
  171  14:47  Marine x2, Marauder x2  
  176  14:54  Missile Turret  
  176  14:55  Missile Turret  
  165  15:02  Marine, Marauder  
  165  15:08  Marauder  
  165  15:09  Marauder  
  123  15:24  Marauder  
  123  15:28  Marine x3  
  118  15:30  Marine x4, Marauder x2  
  128  15:45  Marauder  
  129  15:51  Marauder x2  
  129  15:53  Marine x4  
  129  15:54  Marine x4  
  129  15:55  Widow Mine  
  145  15:57  Widow Mine x2  
  145  16:00  Terran Vehicle And Ship Armor Level 1  
  147  16:06  Marauder  
  149  16:13  Marauder x2  
  153  16:28  Marauder  
  147  16:34  Marauder x2  
  147  16:37  Widow Mine x3  
  144  16:41  Marine x5  
  144  16:42  Marine x3  
  151  16:49  Marauder  
  151  16:53  Medivac x2  
  136  16:55  Marauder  
  136  16:56  Marauder  
  136  16:58  Widow Mine x2  
  136  16:59  Widow Mine  
  116  17:09  Marine x4  
  116  17:10  Marine x3  
  116  17:11  Marauder  
  125  17:17  Marauder x2  
  129  17:23  Marine, Medivac x2  
  129  17:24  Marine  
  135  17:32  Marauder  
  137  17:38  Marine x5, Marauder x2  
  146  17:50  Ghost Academy  
  146  17:53  Marauder, Medivac x2  
  152  18:00  Marauder x2  
  152  18:04  Marine x4  
  160  18:05  Marine x2  
  160  18:06  Marine  
  160  18:10  Marine  
  164  18:15  Marauder  
  162  18:21  Marauder x2  
  162  18:23  Medivac  
  168  18:34  Medivac  
  168  18:36  Marauder  
  168  18:39  Marine x6  
  168  18:40  Marine x4  
  182  18:42  Marauder x2  
  186  18:52  Medivac  
  188  19:04  Marine x3  
  188  19:05  Marauder  
  107  19:24  Widow Mine  
  107  19:25  Marine x3, Widow Mine x2  
  107  19:26  Marine x7, Marauder  
  107  19:27  Marauder  
  129  19:37  Command Center  
  127  19:42  Marine  
  127  19:43  Marine  
  129  19:46  Widow Mine x2  
  129  19:47  Widow Mine  
  135  19:58  Marine, Marauder x2  
  140  20:04  Refinery  
  140  20:05  Refinery  
  140  20:07  Widow Mine x2  
  140  20:10  Marine, Marauder  
  136  20:28  Marine x5, Marauder  
  73  20:29  Orbital Command  
  64  20:38  Marine, Marauder  
Tags
 
Add a new tag
Caveats
  • Supply blocks, unpowered buildings, or Contaminate may cause inaccurate times.
  • Supply counts are checked every 10 seconds.